Map: Overgrowth LE

Players

Solar

  • Race: Zerg Zerg
  • Spawn Location: 1:00

iAsonu - Winner!

  • Race: Zerg Zerg
  • Spawn Location: 7:00

Event: IEM Season 11 - Gyeonggi

VOD

https://www.youtube.com/watch?v=pG4Pb7yKyo0

Description

Time

  • Played on: Dec. 14, 2016, 4:45 a.m.
  • Length: 19:25

All games in this series

Show
View Real Time Build Order
Export as new Build Order

Solar Zerg 

Build Orders: Hatch First 

Get SALT Encoding   

  12  0:00  Drone  
  13  0:12  Overlord  
  13  0:17  Drone  
  14  0:30  Drone x2  
  14  0:35  Drone  
  17  0:50  Hatchery  
  17  0:54  Drone  
  17  0:57  Drone  
  17  1:02  Extractor  
  17  1:12  Spawning Pool  
  17  1:14  Drone  
  17  1:19  Drone  
  18  1:28  Drone  
  19  1:38  Overlord  
  19  1:49  Drone  
  20  1:58  Queen  
  20  2:00  Zergling x2  
  23  2:02  Queen  
  23  2:03  Metabolic Boost, Zergling x2  
  26  2:11  Drone  
  26  2:13  Drone  
  28  2:22  Drone  
  29  2:32  Drone  
  29  2:34  Hatchery  
  29  2:36  Drone  
  30  2:37  Drone  
  30  2:43  Drone  
  32  2:45  Overlord  
  32  2:57  Drone  
  33  3:04  Zergling x2  
  33  3:05  Zergling x2  
  35  3:09  Zergling x8  
  35  3:10  Zergling x2  
  35  3:11  Zergling x4  
  42  3:18  Overlord  
  42  3:21  Zergling x2  
  42  3:24  Roach Warren  
  42  3:29  Drone  
  42  3:32  Drone  
  44  3:39  Zergling x2  
  44  3:40  Overlord  
  44  3:42  Drone  
  39  3:55  Zergling x6  
  39  4:01  Zergling x2  
  41  4:03  Roach x4  
  41  4:07  Roach x2  
  53  4:18  Queen  
  53  4:19  Overlord  
  53  4:20  Roach x2  
  53  4:21  Drone  
  53  4:22  Drone  
  61  4:25  Drone  
  61  4:26  Drone  
  61  4:29  Drone  
  64  4:32  Drone x2  
  64  4:36  Overlord  
  65  4:40  Zergling x6  
  68  4:49  Evolution Chamber  
  68  4:50  Drone  
  68  4:53  Roach x2  
  68  4:54  Overlord  
  68  4:57  Extractor  
  68  4:59  Roach x2  
  74  5:03  Roach  
  74  5:06  Overlord  
  76  5:11  Queen  
  76  5:14  Drone  
  76  5:16  Drone  
  76  5:17  Drone  
  76  5:21  Roach x2  
  80  5:23  Drone  
  80  5:24  Drone  
  80  5:27  Roach  
  83  5:32  Overlord  
  83  5:33  Roach  
  85  5:36  Roach  
  87  5:46  Overlord  
  87  5:47  Lair  
  87  5:48  Drone x2  
  89  5:51  Drone x2  
  89  5:52  Drone  
  89  5:54  Drone  
  89  5:56  Drone  
  94  5:58  Extractor  
  94  6:00  Drone  
  94  6:03  Drone x2  
  96  6:05  Drone x2  
  96  6:07  Drone  
  96  6:09  Drone  
  96  6:10  Drone  
  101  6:12  Drone  
  101  6:14  Drone  
  101  6:15  Drone  
  103  6:19  Ravager  
  103  6:20  Ravager  
  87  6:27  Zergling x2  
  87  6:28  Zergling x14  
  87  6:29  Zergling x2  
  87  6:30  Zergling x4  
  87  6:32  Zerg Missile Weapons Level 1  
  97  6:36  Queen  
  95  6:42  Overlord  
  95  6:43  Drone x2  
  95  6:45  Drone  
  95  6:49  Drone  
  95  6:50  Drone  
  95  6:51  Glial Reconstitution  
  97  6:55  Drone, Overseer  
  97  6:59  Drone x2  
  97  7:00  Drone x2  
  102  7:02  Drone x2  
  102  7:03  Extractor  
  102  7:04  Drone x2  
  102  7:05  Drone  
  102  7:07  Drone  
  102  7:08  Drone  
  108  7:09  Drone  
  108  7:11  Extractor  
  108  7:13  Drone x2  
  110  7:18  Overlord  
  110  7:21  Overlord  
  110  7:30  Roach x3  
  110  7:33  Roach x2  
  110  7:34  Hatchery  
  119  7:38  Overlord  
  119  7:40  Roach x2  
  119  7:43  Overlord  
  123  7:45  Overlord  
  123  7:46  Overseer  
  123  7:49  Roach x2, Extractor  
  126  7:52  Overlord  
  126  7:54  Overlord  
  126  8:01  Roach x4  
  126  8:04  Ravager  
  126  8:05  Ravager  
  136  8:06  Overlord  
  136  8:08  Roach x2  
  136  8:11  Roach x3  
  146  8:16  Roach x2  
  150  8:20  Hydralisk Den  
  150  8:22  Roach x2  
  154  8:27  Ravager  
  154  8:28  Roach x2  
  154  8:29  Roach  
  154  8:33  Overlord  
  160  8:39  Roach  
  160  8:40  Roach x3  
  168  8:43  Ravager, Roach  
  168  8:44  Roach  
  168  8:48  Roach x2  
  177  8:49  Roach  
  177  8:52  Roach  
  180  9:02  Overlord  
  177  9:06  Zerg Missile Weapons Level 2  
  175  9:11  Roach x4  
  175  9:16  Muscular Augments  
  181  9:18  Roach x2  
  181  9:22  Roach x4  
  181  9:23  Roach  
  191  9:28  Overlord  
  185  9:32  Roach x2  
  185  9:35  Roach  
  185  9:36  Roach x4  
  174  9:39  Roach  
  174  9:40  Roach  
  174  9:41  Roach  
  174  9:42  Roach  
  174  9:44  Roach  
  172  9:46  Roach  
  172  9:49  Ravager  
  172  9:50  Roach x2  
  177  9:54  Roach  
  177  9:55  Roach x2  
  177  9:57  Roach x2  
  183  10:02  Roach x3  
  183  10:04  Roach  
  183  10:05  Roach  
  159  10:07  Roach  
  159  10:09  Roach  
  159  10:10  Roach  
  159  10:12  Roach x2  
  139  10:15  Queen  
  139  10:18  Ravager  
  139  10:20  Roach x2  
  146  10:24  Roach x2  
  150  10:29  Roach x3  
  150  10:33  Roach x3  
  162  10:38  Ravager, Extractor  
  162  10:44  Roach x4  
  162  10:48  Roach x2  
  174  10:51  Drone x2  
  176  11:02  Hydralisk x3  
  182  11:04  Roach  
  182  11:05  Roach x3  
  182  11:08  Spine Crawler  
  182  11:09  Extractor  
  182  11:10  Hydralisk x2  
  192  11:13  Overlord  
  192  11:14  Overlord x2  
  192  11:15  Unknown, Overlord  
  192  11:27  Overlord  
  192  11:29  Zerg Ground Armor Level 1  
  192  11:32  Hydralisk x3  
  198  11:33  Lurker Den  
  198  11:39  Ravager  
  199  11:41  Ravager  
  199  11:46  Pneumatized Carapace  
  200  11:47  Overlord  
  200  11:49  Overseer  
  200  11:50  Overseer  
  200  12:23  Overlord  
  200  12:28  Hatchery, Overseer  
  200  12:29  Overseer  
  199  12:34  Unknown x2, Overseer  
  199  12:50  Queen  
  195  12:56  Hydralisk  
  195  12:57  Hydralisk  
  199  12:59  Infestation Pit, Queen  
  199  13:02  Lurker  
  199  13:13  Spore Crawler x2  
  199  13:14  Spore Crawler x2  
  191  13:22  Hydralisk x4  
  199  13:30  Spore Crawler  
  199  13:33  Queen  
  196  13:39  Lurker, Queen  
  196  13:42  Hydralisk, Pathogen Glands  
  196  13:43  Hydralisk x2  
  196  13:46  Drone x3  
  197  13:50  Drone x3  
  200  14:02  Hydralisk  
  200  14:14  Queen  
  200  14:16  Hive  
  195  14:17  Infestor x3  
  195  14:18  Spore Crawler  
  195  14:19  Spore Crawler  
  195  14:20  Spore Crawler, Extractor x2  
  195  14:21  Drone x3  
  193  14:25  Drone x3  
  193  14:28  Infestor x2  
  197  14:43  Unknown x2  
  188  15:01  Hydralisk  
  188  15:02  Hydralisk x12  
  188  15:05  Hydralisk  
  188  15:06  Hydralisk x5  
  200  15:10  Hydralisk x4  
  188  15:15  Hydralisk  
  188  15:16  Hydralisk x5  
  184  15:23  Burrow  
  184  15:26  Drone  
  184  15:27  Drone  
  161  15:30  Ravager  
  161  15:34  Hydralisk  
  159  15:38  Hydralisk  
  152  15:44  Ravager x2  
  152  15:45  Lurker  
  152  15:47  Hydralisk  
  151  15:52  Hydralisk  
  151  15:53  Hydralisk  
  136  15:58  Infestor  
  136  16:01  Viper  
  141  16:05  Viper  
  141  16:08  Viper  
  143  16:14  Lurker  
  142  16:21  Drone x5  
  142  16:24  Overlord  
  145  16:33  Hydralisk x3  
  151  16:40  Roach x2  
  150  16:47  Roach  
  150  16:48  Roach x2  
  150  16:50  Drone  
  150  16:52  Drone  
  154  16:56  Roach  
  154  16:59  Roach  
  154  17:00  Roach  
  149  17:05  Roach  
  145  17:10  Roach  
  145  17:13  Roach  
  140  17:31  Hatchery  
  140  17:34  Ravager x2  
  137  17:37  Lurker  
  137  17:38  Lurker  
  137  17:40  Lurker  
  140  17:47  Hydralisk  
  142  17:56  Hydralisk  
  140  18:04  Hydralisk  
  142  18:12  Overlord  
  141  18:20  Overlord  
  141  18:32  Overlord  
  141  18:37  Overseer  
  141  18:40  Lurker  
  142  18:46  Lurker  
  144  18:48  Drone  
  144  18:52  Overseer  
Show
View Real Time Build Order
Export as new Build Order

iAsonu Zerg - Winner!

Build Orders: Hatch First, Zergling Baneling 

Get SALT Encoding   

  12  0:01  Drone  
  13  0:12  Overlord  
  13  0:18  Drone  
  14  0:31  Drone x2  
  14  0:35  Drone  
  17  0:51  Hatchery  
  17  0:54  Drone  
  17  1:07  Spawning Pool  
  17  1:10  Drone, Extractor  
  16  1:14  Drone  
  16  1:18  Drone  
  18  1:29  Drone  
  19  1:40  Overlord  
  19  1:52  Drone  
  20  1:54  Queen  
  22  2:01  Drone  
  22  2:05  Queen  
  22  2:06  Drone  
  26  2:10  Metabolic Boost  
  26  2:12  Drone  
  26  2:15  Zergling x2  
  28  2:24  Drone  
  28  2:27  Zergling x2  
  30  2:31  Hatchery  
  30  2:35  Overlord  
  29  2:39  Zergling x2  
  30  2:45  Queen  
  32  2:55  Drone  
  32  2:57  Drone  
  34  3:01  Drone  
  34  3:02  Drone  
  34  3:04  Drone x2  
  38  3:10  Overlord  
  38  3:15  Zergling x10  
  43  3:22  Baneling Nest  
  43  3:24  Zergling x2  
  43  3:25  Zergling x2  
  44  3:29  Overlord  
  44  3:33  Zergling x2  
  45  3:37  Zergling x6  
  47  3:49  Zergling x6  
  47  3:53  Zergling x2  
  47  3:54  Zergling x2  
  45  3:56  Queen  
  45  3:57  Overlord  
  45  4:02  Zergling x2  
  48  4:03  Zergling x2  
  48  4:05  Zergling x2  
  48  4:09  Zergling x2  
  51  4:10  Zergling x2  
  51  4:15  Overlord  
  51  4:19  Zergling x2  
  51  4:22  Zergling x4  
  54  4:25  Zergling x4  
  54  4:26  Zergling x2  
  54  4:29  Drone, Zergling x2  
  59  4:35  Zergling x6  
  59  4:37  Baneling  
  59  4:38  Baneling x3  
  58  4:43  Zergling x4  
  60  4:46  Baneling x4  
  60  4:50  Drone x2  
  62  4:53  Drone  
  62  4:54  Drone  
  62  4:56  Drone  
  65  5:00  Drone x2  
  65  5:03  Drone  
  65  5:06  Drone x2  
  70  5:09  Drone  
  71  5:19  Drone x2  
  71  5:20  Drone x4  
  76  5:26  Drone x2  
  78  5:29  Drone  
  78  5:30  Overlord  
  78  5:32  Extractor  
  78  5:33  Extractor  
  76  5:38  Drone x2  
  76  5:39  Roach Warren  
  77  5:43  Drone, Evolution Chamber  
  77  5:48  Drone  
  78  5:50  Drone  
  78  5:51  Drone x2  
  78  5:52  Drone  
  82  6:00  Overlord  
  82  6:02  Lair  
  82  6:10  Overlord  
  81  6:18  Roach x4  
  81  6:19  Roach x2  
  81  6:20  Roach x2  
  81  6:21  Roach  
  81  6:23  Roach  
  94  6:26  Overlord  
  94  6:29  Roach x4  
  100  6:35  Roach x2  
  100  6:38  Roach  
  104  6:42  Roach  
  104  6:49  Extractor x2  
  104  6:50  Zerg Missile Weapons Level 1  
  104  6:51  Drone x3  
  104  6:52  Drone  
  106  6:58  Drone x2  
  106  7:01  Drone  
  109  7:02  Glial Reconstitution  
  109  7:04  Drone  
  109  7:06  Drone  
  109  7:07  Overlord  
  109  7:08  Drone  
  112  7:11  Roach  
  112  7:12  Overlord  
  112  7:15  Overlord  
  114  7:19  Overlord, Extractor  
  114  7:20  Hatchery, Overlord  
  112  7:25  Roach  
  112  7:26  Roach x3  
  120  7:32  Roach x3  
  126  7:37  Overlord  
  126  7:39  Roach x2  
  130  7:46  Drone, Roach x3  
  130  7:49  Roach x2  
  141  7:52  Drone  
  141  7:53  Drone  
  141  7:55  Overseer  
  141  7:56  Overseer  
  143  7:59  Ravager x3  
  143  8:01  Ravager  
  147  8:07  Roach x4  
  155  8:21  Roach  
  155  8:22  Roach x2  
  155  8:23  Overlord x2  
  161  8:27  Drone, Overlord  
  161  8:30  Overlord  
  166  8:34  Roach x3  
  166  8:36  Overlord  
  166  8:39  Overlord  
  168  8:42  Roach x2  
  168  8:43  Roach x2  
  168  8:45  Overlord  
  173  9:06  Drone  
  173  9:07  Drone x2, Roach  
  173  9:08  Roach x7  
  192  9:17  Roach x5  
  196  9:20  Overlord  
  196  9:22  Ravager x3  
  182  9:44  Roach  
  182  9:45  Roach x10  
  194  9:46  Zerg Missile Weapons Level 2  
  180  10:03  Roach x8  
  166  10:12  Roach x4  
  156  10:18  Drone x5  
  159  10:25  Drone x2  
  159  10:26  Drone x2  
  159  10:28  Ravager x6  
  169  10:32  Ravager  
  169  10:33  Ravager x2  
  169  10:34  Ravager  
  173  10:36  Roach  
  173  10:37  Roach  
  177  10:43  Unknown x2  
  177  10:51  Roach  
  177  10:52  Roach x6  
  191  11:03  Roach x4  
  199  11:27  Spire, Queen  
  199  11:29  Extractor  
  199  11:30  Extractor, Spine Crawler  
  197  11:33  Overseer  
  199  11:40  Roach  
  199  11:45  Unknown  
  195  11:56  Roach x2  
  199  12:02  Zerg Ground Armor Level 1  
  199  12:24  Unknown  
  199  12:43  Zerg Flyer Weapons Level 1  
  185  13:04  Unknown  
  177  13:16  Mutalisk  
  177  13:17  Mutalisk x10  
  177  13:19  Drone, Mutalisk x2  
  199  13:39  Centrifical Hooks  
  195  13:48  Mutalisk  
  195  13:54  Unknown  
  187  13:55  Mutalisk  
  187  13:56  Mutalisk x6  
  187  14:02  Mutalisk x6  
  183  14:06  Mutalisk  
  197  14:19  Mutalisk  
  197  14:20  Unknown  
  197  14:25  Mutalisk  
  185  14:40  Mutalisk x5  
  187  14:53  Overseer  
  176  15:04  Mutalisk x4  
  162  15:24  Roach x16  
  188  15:44  Roach x6  
  194  15:56  Roach  
  184  15:57  Roach x13  
  198  16:12  Roach  
  198  16:17  Zergling x2  
  198  16:18  Zergling x6  
  194  16:45  Hatchery  
  191  16:54  Baneling x8  
  191  16:58  Roach x6  
  195  17:07  Zergling x22  
  198  17:15  Roach  
  200  17:16  Zergling x4  
  192  17:24  Zerg Melee Weapons Level 1  
  192  17:25  Baneling x3  
  192  17:26  Baneling x19  
  174  17:35  Ravager x10  
  174  17:36  Ravager x2  
  182  17:41  Roach x3  
  182  17:42  Roach  
  186  18:01  Roach x7  
  198  18:27  Roach  
  200  18:40  Extractor x2  
  198  18:43  Overseer  
  196  19:08  Spine Crawler  

Tags
 
Add a new tag
Caveats
  • Supply blocks, unpowered buildings, or Contaminate may cause inaccurate times.
  • Supply counts are checked every 10 seconds.